Map: 2000 Atmospheres LE

Players

ShaDoWn - Winner!

  • Race: Protoss Protoss
  • League: Master

Krystianer

  • Race: Protoss Protoss
  • League: Grandmaster

Event: DreamHack SC2 Masters 2021 Summer

VOD

Have the link to the VOD?

Description

Time

  • Played on: May 19, 2021, 11:17 a.m.
  • Length: 7:01

All games in this series

Show
View Real Time Build Order
Export as new Build Order

ShaDoWn Protoss - Winner!

Build Orders: Phoenix Opening 

Get SALT Encoding   

  12  0:01  Probe  
  13  0:13  Probe  
  14  0:17  Pylon  
  14  0:25  Probe  
  15  0:36  Gateway  
  15  0:37  Probe (Chrono Boost)  
  16  0:46  Probe (Chrono Boost)  
  16  0:47  Assimilator  
  17  0:51  Probe (Chrono Boost)  
  17  0:55  Assimilator  
  18  1:03  Probe (Chrono Boost)  
  19  1:07  Gateway  
  19  1:14  Probe (Chrono Boost)  
  20  1:18  Probe (Chrono Boost)  
  20  1:24  Cybernetics Core  
  21  1:30  Probe  
  22  1:36  Pylon  
  22  1:42  Probe  
  23  1:54  Probe  
  24  2:00  Stalker  
  28  2:01  Warp Gate (Chrono Boost)  
  28  2:05  Sentry  
  28  2:12  Pylon  
  28  2:17  Probe  
  29  2:33  Nexus  
  29  2:39  Phoenix, Stalker  
  29  2:43  Probe  
  32  2:46  Sentry  
  34  2:52  Shield Battery  
  34  2:55  Probe  
  35  3:02  Pylon  
  35  3:07  Probe  
  35  3:10  Sentry  
  39  3:25  Robotics Facility  
  38  3:39  Shield Battery  
  38  3:45  Stalker x2  
  43  3:55  Gateway  
  42  4:06  Probe  
  42  4:08  Stalker  
  42  4:09  Stalker  
  47  4:15  Immortal (Chrono Boost)  
  51  4:29  Probe x2  
  51  4:33  Stalker x2  
  55  4:44  Immortal (Chrono Boost)  
  57  4:54  Stalker  
  59  5:00  Pylon  
  59  5:04  Stalker  
  61  5:15  Probe  
  61  5:18  Probe  
  65  5:28  Stalker x2  
  67  5:30  Probe  
  67  5:34  Pylon  
  68  5:40  Stalker  
  62  5:48  Immortal (Chrono Boost)  
  62  5:52  Probe, Zealot x2  
  62  5:55  Shield Battery  
  67  6:08  Zealot  
  70  6:14  Stalker  
  70  6:16  Immortal (Chrono Boost)  
  70  6:18  Zealot  
  77  6:20  Probe  
  78  6:26  Pylon  
  76  6:36  Probe  
  73  6:44  Stalker x2  
Show
View Real Time Build Order
Export as new Build Order

Krystianer Protoss 

Build Orders: Blink Stalkers 

Get SALT Encoding   

  12  0:00  Probe  
  13  0:12  Probe  
  14  0:16  Pylon  
  14  0:24  Probe (Chrono Boost)  
  15  0:36  Probe (Chrono Boost)  
  15  0:37  Gateway  
  16  0:44  Probe (Chrono Boost)  
  16  0:46  Assimilator  
  17  0:51  Probe  
  17  0:55  Assimilator  
  18  1:03  Probe (Chrono Boost)  
  19  1:12  Probe (Chrono Boost)  
  19  1:14  Gateway  
  19  1:17  Probe (Chrono Boost)  
  20  1:24  Cybernetics Core  
  21  1:29  Probe  
  22  1:35  Pylon  
  22  1:41  Probe  
  23  1:53  Probe  
  24  2:00  Stalker x2  
  28  2:02  Warp Gate  
  28  2:12  Pylon  
  28  2:28  Twilight Council  
  28  2:31  Stalker  
  28  2:35  Stalker  
  31  2:58  Blink (Chrono Boost)  
  31  3:06  Stalker  
  33  3:14  Stalker  
  33  3:19  Pylon  
  35  3:27  Gateway x2  
  35  3:53  Stalker x2  
  39  3:58  Pylon  
  37  4:21  Stalker x2  
  37  4:22  Stalker  
  41  4:29  Stalker  
  41  4:53  Stalker x3  
  41  4:55  Stalker  
  48  5:21  Stalker x3  
  48  5:27  Stalker  
  44  5:50  Sentry  
  44  5:53  Stalker  
  48  6:02  Zealot, Stalker  
  52  6:13  Pylon  
  52  6:22  Stalker  
  48  6:50  Stalker x4  
Tags
 
Add a new tag
Caveats
  • Supply blocks, unpowered buildings, or Contaminate may cause inaccurate times.
  • Supply counts are checked every 10 seconds.